 Dungeon Crawl Stone Soup version 0.28-a0-514-g0d7ab7f379 (webtiles) character file.

Game seed: 17559926787783230833

38 avis the Skirmisher (level 3, 0/37 HPs)
             Began as an Ogre Warper on Sept 23, 2021.
             Slain by an adder (3 damage)
             ... on level 1 of the Dungeon.
             The game lasted 00:05:01 (1577 turns).

avis the Skirmisher (Ogre Warper)                   Turns: 1577, Time: 00:05:02

Health: 0/37       AC:  3    Str: 15    XL:     3   Next: 43%
Magic:  6/6        EV:  9    Int: 15    God:
Gold:   86         SH:  0    Dex:  8    Spells: 1/6 levels left

rFire   . . .      SeeInvis .   a - +0 mace
rCold   . . .      Faith    .   (no shield)
rNeg    . . .      Spirit   .   b - +0 robe
rPois   .          Reflect  .   (helmet restricted)
rElec   .          Harm     .   (no cloak)
rCorr   .          Rampage  .   (gloves unavailable)
Will    .....                   (boots unavailable)
Stlth   +.........              (no amulet)
HPRegen 0.12/turn               (no ring)
MPRegen 0.10/turn               (no ring)

@: mighty, lethally poisoned (0 -> -1)
A: large, unfitting armour, tough skin 1
a: no special abilities


You were on level 1 of the Dungeon.
You visited 1 branch of the dungeon, and saw 2 of its levels.

You collected 86 gold pieces.

Inventory:

Hand Weapons
 a - a +0 mace (weapon)
Missiles
 d - 5 boomerangs of dispersal (quivered)
 f - 27 stones
 g - 4 boomerangs
 i - 7 arrows
Armour
 b - a +0 robe (worn)
Scrolls
 c - a scroll of blinking
 e - a scroll of immolation {unknown}
 j - a scroll of noise {unknown}
 k - a scroll of identify {unknown}
 l - a scroll of enchant armour {unknown}


   Skills:
 + Level 3.5 Fighting
 * Level 3.0 Maces & Flails
 - Level 1.0 Throwing
 - Level 2.1 Dodging
 - Level 2.4 Spellcasting
 - Level 2.6 Translocations


You had one spell level left.
You knew the following spells:

 Your Spells              Type           Power      Damage    Failure   Level
b - Blink                 Tloc           N/A        N/A       11%         2
o - Teleport Other        Tloc           9%         N/A       22%         3

Your spell library contained the following spells:

 Spells                   Type           Power      Damage    Failure   Level
 Gell's Gravitas          Tloc           4%         N/A       22%         3
 Lesser Beckoning         Tloc           9%         N/A       22%         3
 Manifold Assault         Tloc           9%         N/A       89%         5


Dungeon Overview and Level Annotations

Branches:
Dungeon (2/15)

Altars:

Annotations:
D:2 Robin


Innate Abilities, Weirdness & Mutations

You are too large for most types of armour.
You have tough skin. (AC +1)


Message History

You bump into the rock wall.
You feel sick. The adder barely misses you. x2
You bump into the rock wall.
You feel less invigorated.
You feel less confused.
You feel sick. The adder closely misses you. The adder completely misses you.
You feel sick. The adder bites you.
You are more poisoned.
The adder poisons you!
You feel sick. The adder barely misses you.
You completely miss the adder.
You feel sick. The adder closely misses you.
You barely miss the adder.
You feel sick. The adder bites you. The adder barely misses you.
You hit the adder.
The adder is moderately wounded.
You feel sick. The adder bites you but does no damage.
The adder barely misses you.
You sock the adder!
You kill the adder!
You feel sick.
You are no longer poisoned.
The adder bites you but does no damage.
Your Maces & Flails skill increases to level 3!
You closely miss the adder. The adder bites you but does no damage.
You barely miss the adder. The adder bites you. x2
You are poisoned.
The adder poisons you!
You hit the adder.
The adder is lightly wounded.
You feel sick. The adder bites you.
* * * LOW HITPOINT WARNING * * *
The adder barely misses you.
It was a potion of might.
You feel very mighty all of a sudden.
You feel sick. The adder bites you but does no damage.
You miss the adder.
The adder is lightly wounded.
You feel sick. The adder closely misses you. The adder barely misses you.
You barely miss the adder.
The adder is lightly wounded.
You feel sick. The adder bites you.
You die...

....#..##..# #.)....###.######
....#..##..######..>.............
....#...................##....###
.......##.##...............##...#
.......##..######.####.##....##..
.......##..# ##.## #.##..#..##.
....#......### #...# #..##.......
....##...#...# #S#.####.####.....
##.........#.# #@#...##.....###..
#...........# #...#..#####.###..
#...........###..###.#####...#..
#.......................####....
###.......#..##..###.#### ###..
#.......#..##..# #.# ###
#.......#...#.####.#######
#................).......#
#.......##.....###.....#.###


You could see an adder.

Vanquished Creatures
  An adder (D:1)
  An orc (D:2)
  2 bats
  2 endoplasms
  2 hobgoblins (D:1)
  4 jackals (D:1)
  2 quokkas (D:1)
  5 ball pythons
  3 frilled lizards (D:1)
  3 goblins
  2 kobolds (D:1)
27 creatures vanquished.

Notes
Turn   | Place    | Note
-------+----------+-------------------------------------------
     0 | D:1      | avis the Ogre Warper began the quest for the Orb.
     0 | D:1      | Reached XP level 1. HP: 22/22 MP: 3/3
   265 | D:1      | Reached XP level 2. HP: 29/31 MP: 5/5
  1223 | D:1      | Learned a level 2 spell: Blink
  1343 | D:2      | Reached XP level 3. HP: 35/37 MP: 6/6
  1364 | D:2      | Learned a level 3 spell: Teleport Other
  1407 | D:2      | Noticed Robin
  1577 | D:1      | Slain by an adder

Illustrated notes

Levels and vault maps discovered:
D:1:      dpeg_arrival_simpleton_b, layout_rooms
D:2:      layout_rooms, serial_shops, shop, nicolae_square_shop,
          nicolae_shop_trees, dreamdust_ecumenical_altar_angels_and_demons,
          uniq_robin

Skill      XL: |  1  2  3 |
---------------+----------+-----
Maces & Flails | 2 3 |  3.0
Fighting       | 3 |  3.5
Throwing       | |  1.0
Dodging        | |  2.1
Spellcasting   | |  2.4
Translocations | |  2.6

Action                   || total
-------------------------++-------
Melee: Mace              ||   119
  Use: Potion            ||     2
Armor: Robe              ||    37
Dodge: Dodged            ||    77

Table legend: (Time is in decaauts)
 A = Elapsed time spent in this place.
 B = Non-inter-level travel time spent in this place.
 C = Inter-level travel time spent in this place.
 D = Time resting spent in this place.
 E = Time spent auto-exploring this place.
 F = Levels seen in this place.
 G = Mean time per level.
                   A        B        C        D        E       F      G
               +--------+--------+--------+--------+--------+-----+--------+
         Total |   1614 |   1571 |     43 |    831 |    357 |   2 |  807.0 |
       Dungeon |   1614 |   1571 |     43 |    831 |    357 |   2 |  807.0 |
               +--------+--------+--------+--------+--------+-----+--------+

Top non-repeatable levels by time:
     D:1: 1266 daAuts
     D:2: 347 daAuts
